 Dungeon Crawl Stone Soup version 0.21-a0-137-g951aa02 (webtiles) character file.

28 Charly the Ruffian (level 2, 0/24 HPs)
             Began as a Centaur Skald on July 19, 2017.
             Succumbed to a scorpion's poison
             ... on level 4 of the Dungeon.
             The game lasted 00:05:12 (433 turns).

Charly the Ruffian (Centaur Skald)                   Turns: 433, Time: 00:05:13

Health: 0/24       AC:  5    Str: 13    XL:     2   Next: 96%
Magic:  8/13       EV:  9    Int: 17    God:
Gold:   58         SH:  0    Dex:  8    Spells: 3/4 levels left

rFire    + . .     SeeInvis .   o - +2 dagger (venom)
rCold    . . .     Gourm    .   (no shield)
rNeg     . . .     Faith    .   a - +0 leather armour
rPois    .         Spirit   .   n - +1 hat
rElec    .         Reflect  .   (no cloak)
rCorr    .         Harm     .   (no gloves)
MR       .....                  (no barding)
Stlth    ..........             (no amulet)
HPRegen  0.08/turn              i - ring of protection from fire
MPRegen  0.13/turn              k - ring of magical power

@: brilliant, lethally poisoned (0 -> -5), very quick
A: hooves 3, deformed body, speed 2, tough skin 3
a: no special abilities


You were on level 4 of the Dungeon.
You were very full.

You visited 1 branch of the dungeon, and saw 4 of its levels.

You collected 58 gold pieces.

Inventory:

Hand Weapons
 o - a +2 dagger of venom (weapon)
Missiles
 j - 5 poisoned needles
Armour
 a - a +0 leather armour (worn)
 n - a +1 hat (worn)
Jewellery
 i - a ring of protection from fire (left hand)
 k - a ring of magical power (right hand)
Scrolls
 e - a scroll of noise {unknown}
 g - a scroll of magic mapping {unknown}
 h - a scroll of identify {unknown}
 l - a scroll of immolation {unknown}
 m - a scroll of fear {unknown}
Books
 b - a book of Battle

   Spells                             Type                      Level
   a - Infusion                       Charms                       1
   b - Shroud of Golubria             Charms/Translocation         2
   c - Song of Slaying                Charms                       2
   d - Spectral Weapon                Hexes/Charms                 3
   e - Regeneration                   Charms/Necromancy            3
Comestibles
 c - 2 bread rations
 f - a meat ration


   Skills:
 + Level 2.2 Fighting
 - Level 0.6 Armour
 - Level 1.3 Dodging
 + Level 3.3 Unarmed Combat
 - Level 1.5 Spellcasting
 - Level 2.6 Charms


You had 3 spell levels left.
You knew the following spells:

 Your Spells              Type           Power        Failure   Level  Hunger
a - Infusion              Chrm           ###.         1%          1    ##.....


Dungeon Overview and Level Annotations

Branches:
Dungeon (4/15)
 Temple: D:4-7

Altars:


Innate Abilities, Weirdness & Mutations

You have hooves in place of feet.
Armour fits poorly on your strangely shaped body.
You cover ground very quickly.
You have extremely tough skin. (AC +3)


Message History

You feel sick.
It was a potion of brilliance.
You feel clever all of a sudden.
* * * LOW HITPOINT WARNING * * *
You feel sick.
Your magical infusion is running out.
* * * LOW HITPOINT WARNING * * *
You feel sick.
* * * LOW HITPOINT WARNING * * *
You feel sick.
An adder and a giant cockroach come into view.
* * * LOW HITPOINT WARNING * * *
You feel sick.
The adder hisses angrily.
Found a scroll labeled KAAM IMYFRAI.
The giant cockroach waves its antennae.
* * * LOW HITPOINT WARNING * * *
You feel sick.
You are no longer magically infusing your attacks.
You die...

#....##.###..####..
####...................
###.....................#
....##.#s####.##)########
#..........#$##.#
##.##..s.#......#
#.###S......# #.
#.....#..# #? #@###.#..#
##...# #..... ###.# #.#
... # ##. #. . ##


You could see an adder.

Vanquished Creatures
  An ooze (D:1)
  2 orcs
  A giant cockroach (D:1)
  A goblin (D:1)
  3 hobgoblins
  3 quokkas
  3 frilled lizards
  4 kobolds
  2 rats (D:1)
20 creatures vanquished.

Notes
Turn   | Place    | Note
-------+----------+-------------------------------------------
     0 | D:1      | Charly the Centaur Skald began the quest for the Orb.
     0 | D:1      | Reached XP level 1. HP: 17/17 MP: 3/3
   235 | D:1      | Reached XP level 2. HP: 11/24 MP: 3/4
   237 | D:1      | Reached skill level 3 in Unarmed Combat
   281 | D:2      | mp
   414 | D:4      | Noticed a scorpion
   430 | D:4      | HP: 1/24 [poisoned by a scorpion]
   433 | D:4      | Succumbed to a scorpion's poison

Vault maps used:
D:1:      dpeg_arrival_oval
D:2:      lemuel_crystal_altar, lemuel_round_altar
D:3:      gammafunk_temple_overflow_arena
D:4:      lemuel_doored_altar, old_standard_altar, first_bread,
          gup_sewer_entry_bowl

Skill      XL: |  1  2 |
---------------+-------+-----
Unarmed Combat | 3 |  3.3
Fighting       | |  2.2
Armour         | |  0.6
Dodging        | |  1.3
Spellcasting   | |  1.5
Charms         | |  2.6

Action                   || total
-------------------------++-------
Melee: Unarmed           ||    27
       Kick              ||     2
       Dagger            ||    11
       Whip              ||     2
 Cast: Infusion          ||     7
  Use: Potion            ||     1
  Eat: Fruit             ||     3
       Royal jelly       ||     1
Armor: Leather armour    ||    12
Dodge: Dodged            ||    14
